 Dungeon Crawl Stone Soup version 0.27.1-2-g3b301248ec (webtiles) character file.

Game seed: 7484271532086328422

16385 MajorAdolf the Covert (level 12, -2/171 HPs)
             Began as a Naga Wanderer on Sept 28, 2021.
             Was a Believer of Sif Muna.
             Slain by a thrashing horror (7 damage)
             ... on level 4 of the Abyss.
             The game lasted 00:50:43 (27381 turns).

MajorAdolf the Covert (Naga Wanderer)              Turns: 27381, Time: 00:50:44

Health: -2/171     AC: 26    Str: 14      XL:     12   Next: 37%
Magic:  15/15      EV:  1    Int: 13 (16) God:    Sif Muna [**....]
Gold:   264        SH:  8    Dex:  9      Spells: 12/21 levels left

rFire    . . .     SeeInvis +   m - +2 whip (elec)
rCold    . . .     Faith    .   e - +0 kite shield
rNeg     + + +     Spirit   .   (armour currently unavailable)
rPois    +         Reflect  .   (helmet currently unavailable)
rElec    .         Harm     .   (cloak currently unavailable)
rCorr    .         Rampage  .   (gloves currently unavailable)
Will     +....     NoTele   +   (no barding)
Stlth    +++++.....             (no amulet)
HPRegen  0.38/turn              B - ring of wizardry
MPRegen  0.14/turn              C - ring of flight

@: brilliant, tree-form, very slightly contaminated, hasted, invisible, very
quick
A: stationary, stasis, torment immunity, boosted hp, AC +4, large, see
invisible, (deformed body), (poison resistance), (slowness 2), spit poison 1,
(naga tail 1), [clumsy 2], [low mp 2], [subdued magic 2], [inability to read
while threatened]
a: Spit Poison, Renounce Religion, Channel Magic


You were on level 4 of the Abyss.
You worshipped Sif Muna.
Sif Muna was pleased with you.
You were a tree.
You visited 3 branches of the dungeon, and saw 14 of its levels.
You visited the Abyss 1 time.
You also visited: Sewer and Volcano.

You collected 505 gold pieces.
You spent 241 gold pieces at shops.

Inventory:

Hand Weapons
 a - a +2 hand crossbow
 m - a +2 whip of electrocution (weapon)
 p - a +0 hunting sling
 J - a +4 short sword of draining
 Q - a +2 dagger of venom
 X - a +3 hand axe of flaming
Missiles
 b - 112 bolts
 g - 537 stones (quivered)
 h - 227 arrows
 i - 71 poisoned darts
 x - 9 boomerangs
 y - 8 javelins
 z - 90 sling bullets
 E - 2 throwing nets
Armour
 e - a +0 kite shield (worn)
 j - a +0 pair of gloves (melded)
 l - a +2 barding of cold resistance (melded)
 D - a +0 cloak (melded)
 M - a +2 robe of fire resistance (melded)
 P - a +0 helmet (melded)
 T - the +1 chain mail of Foecoon {rC+ Slay+2}
   (You found it on level 2 of the Abyss)

   Slay:      It affects your accuracy & damage with ranged weapons and melee
   (+2).
   rC:        It protects you from cold.
Magical Staves
 R - a staff of fire
Jewellery
 c - the ring "Guiwing" {Wiz rC- rN++ Int+3 SInv}
   (You found it on level 8 of the Dungeon)

   [ring of wizardry]

   It improves your spell success rate.
   Int:       It affects your intelligence (+3).
   rC:        It makes you vulnerable to cold.
   rN:        It greatly protects you from negative energy.
   SInv:      It lets you see invisible.
 f - an amulet of faith
 B - a ring of wizardry (left branch)
 C - a ring of flight (right branch)
 H - a ring of ice
Wands
 v - a wand of iceblast (23)
 N - a wand of mindburst (4)
Scrolls
 u - a scroll of fog
 A - 3 scrolls of blinking
 F - 2 scrolls of holy word
 G - 3 scrolls of amnesia
 K - 2 scrolls of magic mapping
 O - 2 scrolls of brand weapon
 S - a scroll of summoning
 V - a scroll of immolation {unknown}
Potions
 k - 2 potions of brilliance
 r - 2 potions of haste
 s - 3 potions of lignification
 I - a potion of might {unknown}
 L - a potion of attraction {unknown}
Miscellaneous
 t - a piece from Xom's chessboard (14/15)
 W - a phial of floods (inert)


   Skills:
 + Level 9.0 Fighting
 + Level 7.0 Maces & Flails
 - Level 2.6 Crossbows
 - Level 1.0 Throwing
 + Level 5.8 Dodging
 + Level 12.4 Stealth
 + Level 3.9 Shields
 + Level 5.0 Spellcasting
 - Level 3.0 Conjurations
 - Level 3.0 Air Magic
 + Level 7.4 Poison Magic
 + Level 1.0 Invocations
 + Level 7.5 Evocations


You had 12 spell levels left.
You knew the following spells:

 Your Spells              Type           Power      Damage    Failure   Level
a - Mephitic Cloud        Conj/Pois/Air  14%        N/A       8%          3
b - Call Imp              Summ           3%         N/A       26%         2
c - Olgreb's Toxic Radia  Pois           21%        N/A       8%          4

Your spell library contained the following spells:

 Spells                   Type           Power      Damage    Failure   Level
 Magic Dart               Conj           40%        1d5       4%          1
 Slow                     Hex            3%         N/A       26%         2
 Confusing Touch          Hex            3%         N/A       45%         3
 Vampiric Draining        Necr           1%         2d6       45%         3
 Ozocubu's Refrigeration  Ice            1%         4d5       100%        7
 Ignition                 Fire           1%         3d3       100%        8


Dungeon Overview and Level Annotations

Branches:
Dungeon (12/15)            Temple (1/1) D:4            Lair (1/6) D:10
    Orc (0/2) D:11          Sewer (visited)         Volcano (visited)

Altars:
Ashenzari
Cheibriados
Dithmenos
Elyvilon
Fedhas
Gozag
Hepliaklqana
Kikubaaqudgha
Makhleb
Nemelex Xobeh
Okawaru
Qazlal
Ru
Sif Muna
Trog
Uskayaw
Vehumet
Wu Jian
Xom
Yredelemnul
Zin
The Shining One
Beogh

Shops:
D:2 ?   D:5 *   D:9 *

Annotations:
D:11 2 runed translucent doors, exclusion: orange crystal statue
D:12 Erolcha


Innate Abilities, Weirdness & Mutations

You are a tree.
Your roots penetrate the ground, keeping you stationary.
You cannot be teleported.
You are immune to unholy pain and torment.
Your maximum health is greatly increased.
Your equipment is partially melded.
((Your serpentine skin is tough. (AC +4)))
You have supernaturally acute eyesight. (SInv)
((Armour fits poorly on your strangely shaped body.))
((Your system is resistant to poisons. (rPois)))
((You cover ground very slowly.))
You can spit poison.
((You have a snake-like lower body.))
[You are very clumsy. (Dex -4)]
[Your magical capacity is very low. (-20% MP)]
[Your spells are easier to cast, but less powerful.]
[You sometimes lose the ability to read scrolls when taking damage.]


Message History

* * * LOW HITPOINT WARNING * * *
The thrashing horror completely misses you.
You closely miss the thrashing horror.
Unknown command.
The thrashing horror roars!
You whack the thrashing horror!
The thrashing horror is lightly damaged.
You hear a roar!
You hear a shout!
You block the thrashing horror's attack.
The thrashing horror tramples you but does no damage.
You hit the thrashing horror.
The thrashing horror is moderately damaged.
The thrashing horror tramples you but does no damage. x4
Unknown command.
You strike the helpless thrashing horror from behind!
You hit the thrashing horror.
The thrashing horror is moderately damaged.
The thrashing horror tramples you but does no damage. x2
Unknown command.
You hit the thrashing horror.
The thrashing horror is moderately damaged.
Unknown command.
You hit the thrashing horror.
The thrashing horror is heavily damaged.
The thrashing horror tramples you.
* * * LOW HITPOINT WARNING * * *
The thrashing horror tramples you.
* * * LOW HITPOINT WARNING * * *
The thrashing horror tramples you but does no damage. x2
You hit the thrashing horror.
The thrashing horror is heavily damaged.
The thrashing horror tramples you.
* * * LOW HITPOINT WARNING * * *
The thrashing horror tramples you but does no damage.
Unknown command.
You hit the thrashing horror but do no damage.
The thrashing horror is heavily damaged.
The death knight's dark mirror aura disappears.
The thrashing horror tramples you!
You die...

#
.##.###
. #. #
#pX##
#... #..
#.#♣# #
..X.X###
# ### .
.# # .##
# # #.
.. . # #
# . #.#
. # ## #
#


You could see a death knight and a thrashing horror.

Vanquished Creatures
  Snorg (D:11)
  A death knight (D:10)
  3 two-headed ogres
  Nergalle (D:11)
  A wizard (Volcano)
  A phantasmal warrior (D:11)
  An ugly thing (D:11)
  2 toenail golems (Volcano)
  Joseph (D:8)
  An unseen horror (D:9)
  A komodo dragon (D:11)
  A freezing wraith (D:11)
  2 trolls
  A queen bee (D:9)
  A hornet (D:8)
  A blink frog (Abyss:3)
  A shadow (D:5)
  A vampire (D:9)
  2 wraiths (D:10)
  17 yaks
  3 wyverns (D:10)
  A basilisk (D:10)
  A small abomination (Abyss:2)
  An acid dragon (D:11)
  3 water moccasins
  An ice beast (D:5)
  5 orc warriors
  A cane toad skeleton (Abyss:2)
  A black bear (D:5)
  2 necrophages
  A centaur (D:9)
  2 ogres
  3 kobold brigands
  A gnoll sergeant (D:8)
  6 bullfrogs
  2 scorpions
  2 water moccasin zombies
  2 water moccasin skeletons (D:5)
  3 wights (D:8)
  A howler monkey (D:8)
  21 killer bees
  3 centaur zombies
  7 orc priests
  A jelly (D:4)
  A bullfrog skeleton (D:6)
  2 iguanas (D:10)
  A scorpion zombie (D:5)
  17 orc wizards
  A hound skeleton (D:5)
  A howler monkey zombie (D:10)
  16 gnolls
  9 adders
  A river rat (D:6)
  A shadow imp (D:7)
  2 worms
  2 dart slugs
  36 orcs
  10 ball pythons
  17 endoplasms
  18 giant cockroaches
  14 goblins
  8 hobgoblins
  8 jackals
  14 kobolds
  7 quokkas
  6 bats
  12 frilled lizards
  A jackal skeleton (D:4)
  A quokka skeleton (D:2)
  5 rats
326 creatures vanquished.

Vanquished Creatures (collateral kills)
  2 killer bees (D:9)
2 creatures vanquished.

Vanquished Creatures (others)
  A killer bee (D:9)
  2 fungi (D:10)
  10 plants (D:10)
13 creatures vanquished.

Grand Total: 341 creatures vanquished

Notes
Turn   | Place    | Note
-------+----------+-------------------------------------------
     0 | D:1      | MajorAdolf the Naga Wanderer began the quest for the Orb.
     0 | D:1      | MajorAdolf set off with the following items: a +2 hand
                  | crossbow, 25 bolts, a +0 ring mail, a scroll of
                  | teleportation, a +0 dagger
     0 | D:1      | Reached XP level 1. HP: 22/22 MP: 1/1
   360 | D:1      | Reached XP level 2. HP: 19/30 MP: 2/2
   657 | D:1      | Reached skill level 4 in Stealth
   985 | D:1      | Reached XP level 3. HP: 37/37 MP: 3/3
  1766 | D:1      | Found a faded altar of an unknown god.
  1942 | D:2      | Found Nitiew's Magic Scroll Shoppe.
  2442 | D:2      | Reached skill level 5 in Stealth
  2524 | D:2      | Reached XP level 4. HP: 45/45 MP: 4/4
  2729 | D:3      | Found a glowing golden altar of the Shining One.
  3226 | D:3      | Found a stormy altar of Qazlal.
  3242 | D:3      | Found a hazy altar of Hepliaklqana.
  4159 | D:3      | Found a white marble altar of Elyvilon.
  4551 | D:4      | Reached skill level 5 in Fighting
  4551 | D:4      | Reached skill level 1 in Evocations
  4759 | D:3      | Reached XP level 5. HP: 52/52 MP: 5/5
  4769 | D:3      | Reached skill level 6 in Stealth
  6888 | D:3      | Found an ancient bone altar of Kikubaaqudgha.
  7107 | D:4      | Found a staircase to the Ecumenical Temple.
  7244 | D:4      | Identified the +2 whip of Objectivity {vorpal, *Corrode
                  | Str+7}
  7275 | D:4      | Noticed an ogre
  7339 | D:4      | Killed an ogre
  7340 | D:4      | Reached XP level 6. HP: 61/61 MP: 6/6
  7515 | D:3      | Reached skill level 1 in Maces & Flails
  8605 | D:4      | Found a staircase to the Ecumenical Temple.
  9025 | Temple   | Entered the Ecumenical Temple
  9303 | D:5      | Entered Level 5 of the Dungeon
  9365 | D:5      | Found Keolauza's Assorted Antiques.
  9370 | D:5      | Bought a cyan potion for 25 gold pieces
  9370 | D:5      | Bought 2 scrolls labelled KIUCYGATUCS for 56 gold pieces
  9370 | D:5      | Bought a scroll labelled KAAZOF PUWIUT for 28 gold pieces
  9603 | D:5      | HP: 3/61 [water moccasin skeleton (4)]
  9605 | D:5      | Reached skill level 1 in Dodging
 10067 | D:5      | Reached skill level 7 in Stealth
 10067 | D:5      | Reached XP level 7. HP: 58/68 MP: 7/7
 10524 | D:5      | Noticed a shadow
 10552 | D:5      | Killed a shadow
 10726 | D:5      | Found an ornate altar of the Wu Jian Council.
 10752 | D:5      | Reached skill level 8 in Stealth
 10752 | D:5      | Reached XP level 8. HP: 61/76 MP: 8/8
 11385 | D:6      | Found a glowing drain.
 11576 | Sewer    | Entered a sewer
 12878 | D:6      | Reached skill level 9 in Stealth
 12991 | D:6      | Identified a scroll of acquirement
 12996 | D:6      | Acquired a +1 barding of cold resistance
 13374 | D:6      | Identified the +1 robe of the Lair of Beasts {rPois rF+}
 13717 | D:7      | Learned a level 3 spell: Mephitic Cloud
 13747 | D:7      | Found a burning altar of Makhleb.
 14138 | D:7      | Reached XP level 9. HP: 81/85 MP: 9/9
 14184 | D:7      | Reached skill level 1 in Poison Magic
 14465 | D:8      | Reached skill level 1 in Conjurations
 14465 | D:8      | Reached skill level 1 in Air Magic
 14547 | D:8      | Reached skill level 1 in Spellcasting
 14941 | D:8      | Noticed a hornet
 14974 | D:8      | Killed a hornet
 15309 | D:8      | Identified the ring "Guiwing" {Wiz rC- rN++ Int+3 SInv}
 15318 | D:8      | Learned a level 2 spell: Call Imp
 15339 | D:8      | Noticed Joseph
 15464 | D:8      | Reached skill level 5 in Evocations
 15669 | D:8      | Killed Joseph
 15860 | D:8      | Reached skill level 10 in Stealth
 16285 | D:9      | Noticed a two-headed ogre
 16293 | D:8      | Reached XP level 10. HP: 76/94 MP: 13/13
 16492 | D:8      | Killed a two-headed ogre
 16493 | D:8      | Reached skill level 5 in Maces & Flails
 17676 | D:8      | Reached skill level 1 in Shields
 18052 | D:9      | Learned a level 4 spell: Olgreb's Toxic Radiance
 18162 | D:9      | Found a shimmering blue altar of Sif Muna.
 18268 | D:9      | Found Kaq Zuob's General Store.
 18481 | D:9      | Became a worshipper of Sif Muna the Loreminder
 18667 | D:2      | Bought a scroll of enchant armour for 90 gold pieces
 19900 | D:10     | Entered Level 10 of the Dungeon
 19912 | D:10     | Noticed an unseen horror
 19957 | D:9      | Reached skill level 5 in Poison Magic
 20269 | D:9      | Killed an unseen horror
 20471 | D:10     | Reached skill level 11 in Stealth
 20471 | D:10     | Reached XP level 11. HP: 103/103 MP: 12/16
 20726 | D:10     | Reached * piety under Sif Muna
 20837 | D:10     | Found a staircase to the Lair.
 21821 | D:11     | Noticed Snorg
 21842 | D:11     | Killed Snorg
 21997 | D:11     | Found a large runed translucent door.
 21997 | D:11     | Found a large runed translucent door.
 22005 | D:11     | Reached skill level 5 in Dodging
 22367 | D:11     | Found a shimmering altar of Xom.
 22367 | D:11     | Noticed a brown ugly thing
 22367 | D:11     | Noticed a cyan ugly thing
 22367 | D:11     | Noticed a white ugly thing
 22379 | D:11     | Noticed a red ugly thing
 22606 | D:11     | Noticed a purple ugly thing
 22792 | D:11     | Found a staircase to the Orcish Mines.
 22827 | D:11     | Killed a purple ugly thing
 22952 | D:11     | Noticed a two-headed ogre
 22968 | D:11     | Killed a two-headed ogre
 23248 | D:11     | Noticed a death knight
 23970 | D:11     | Noticed a phantasmal warrior
 24002 | D:11     | Killed a phantasmal warrior
 24681 | D:10     | Killed a death knight
 24976 | D:10     | Reached skill level 12 in Stealth
 25047 | D:11     | Noticed Nergalle
 25063 | D:11     | Reached XP level 12. HP: 109/112 MP: 7/18
 25074 | D:11     | Killed Nergalle
 25090 | D:11     | Reached ** piety under Sif Muna
 26116 | D:12     | Noticed a centaur warrior
 26123 | D:12     | Noticed Erolcha
 26130 | D:11     | Noticed a two-headed ogre
 26135 | D:11     | Killed a two-headed ogre
 26408 | D:9      | Bought a potion of curing for 42 gold pieces
 26507 | Lair:1   | Entered Level 1 of the Lair of Beasts
 26521 | Lair:1   | Found a dark tunnel.
 26530 | Volcano  | Entered a volcano
 26612 | Volcano  | Reached skill level 5 in Spellcasting
 26688 | Volcano  | Cast into level 2 of the Abyss (a wizard)
 26709 | Abyss:2  | Found an ancient bone altar of Kikubaaqudgha.
 26743 | Abyss:2  | Reached skill level 1 in Invocations
 26929 | Abyss:2  | Found a corrupted altar of Lugonu.
 26946 | Abyss:2  | Identified the +1 chain mail of Foecoon {rC+ Slay+2}
 26979 | Abyss:2  | Noticed a brown very ugly thing
 26998 | Abyss:2  | Found a corrupted altar of Lugonu.
 27096 | Abyss:3  | Noticed a thrashing horror
 27209 | Abyss:4  | Noticed a thrashing horror
 27211 | Abyss:4  | Noticed a thrashing horror
 27211 | Abyss:4  | Noticed a thrashing horror
 27238 | Abyss:4  | Noticed a tentacled starspawn
 27252 | Abyss:4  | Noticed a hell hog
 27270 | Abyss:4  | Noticed a wretched star
 27274 | Abyss:4  | Noticed a wretched star
 27275 | Abyss:4  | Noticed a blizzard demon
 27302 | Abyss:4  | Noticed a starcursed mass
 27309 | Abyss:4  | Noticed a thrashing horror
 27309 | Abyss:4  | Noticed a thrashing horror
 27309 | Abyss:4  | Noticed a thrashing horror
 27312 | Abyss:4  | Noticed a death knight
 27379 | Abyss:4  | HP: 8/171 [thrashing horror (4)]
 27381 | Abyss:4  | Slain by a thrashing horror

Illustrated notes

Levels and vault maps discovered:
D:1:      dpeg_arrival_signposts, layout_basic,
          hellmonk_ecumenical_altar_leap_of_faith, serial_aquarium,
          aquarium_bridge_square [aquarium_subvault_window,
          aquarium_subvault_bridge, aquarium_subvault_bridge,
          aquarium_subvault_wall], aquarium_bridge_straight
          [aquarium_subvault_bridge, aquarium_subvault_window,
          aquarium_subvault_bridge, aquarium_subvault_wall], aquarium_window_2,
          aquarium_window_2, aquarium_window_fake, aquarium_view_2g,
          aquarium_balcony_3b, minmay_tree_intersection, roderic_serpentine_path
D:2:      layout_loops_ring, serial_shops, shop, dk_noncrumbling_2,
          kennysheep_generic_room_9
D:3:      layout_loops_corners, grunt_temple_overflow_open, serial_glass,
          glass_columns_b, glass_columns_a
D:4:      layout_loops_ring, minmay_temple_entry_statues_pillars
D:5:      layout_gridville, nicolae_wu_jian_wuxing_cycle, serial_shops,
          nicolae_shop_crystal
D:6:      layout_basic, portal_sewer_entry_a, minmay_checkerbox
D:7:      layout_loops_ring, mainiacjoe_overflow_six_doors_small
D:8:      layout_loops_ring, uniq_joseph
D:9:      layout_small_grid, lemuel_blue_sif_altar, special_room
          [special_room_bee], serial_shops, shop
D:10:     layout_gridville, minmay_lair_entry_grove
D:11:     due_chaos_kobolds, layout_gridville, minmay_orc_entry_temple_small,
          uniq_snorg, uniq_nergalle
D:12:     layout_cave_pools, uniq_erolcha
Temple:   dpeg_chambers_temple
Lair:1:   layout_loops_ring, nicolae_volcano_entry_hallway,
          nicolae_lair_grove_arrangements, chequers_serial_rivers_small_a
Abyss:4:  base: D:14, evilmike_abyss_exit_3, bh_abyss_xom_lugonu_altar,
          hangedman_abyss_or_decor_passed, minivault_28, minivault_28,
          bh_abyss_negative, evilmike_abyss_rune_siren_acolytes,
          evilmike_abyss_exit_kraken, evilmike_abyss_exit_15,
          nicolae_abyss_rune_star_stuff
Volcano:  volcano_bunker

Skill      XL: |  1  2  3  4  5  6  7  8  9 10 11 12 |
---------------+-------------------------------------+-----
Stealth        | 4 5 6 7 8 9 10 11 12 | 12.4
Fighting       | 5 6 7 8 9 |  9.0
Evocations     | 1 2 3 4 5 6 7 |  7.5
Maces & Flails | 1 2 4 5 6 7 |  7.0
Dodging        | 1 2 3 4 5 |  5.8
Poison Magic   | 3 5 6 7 |  7.4
Conjurations   | 2 3 |  3.0
Air Magic      | 2 3 |  3.0
Spellcasting   | 2 3 4 5 |  5.0
Shields        | 2 3 |  3.9
Invocations    | 1 |  1.0
Crossbows      | |  2.6
Throwing       | |  1.0

Action                   |  1- 3 |  4- 6 |  7- 9 | 10-12 || total
-------------------------+-------+-------+-------+-------++-------
Melee: Dagger            |    15 |    73 |    96 |    51 ||   235
       Whip              |       |    27 |   284 |   580 ||   891
 Fire: Hand crossbow     |     5 |     8 |    24 |       ||    37
       Hunting sling     |    12 |    72 |   111 |       ||   195
Throw: Stone             |       |       |     1 |       ||     1
 Cast: Mephitic Cloud    |       |       |       |    29 ||    29
       Call Imp          |       |       |       |     9 ||     9
       Olgreb's Toxic Ra |       |       |       |    31 ||    31
 Abil: Spit Poison       |    34 |    41 |    17 |    11 ||   103
Evoke: Wand              |       |       |     5 |    17 ||    22
       Phial of floods   |       |       |       |     1 ||     1
       Piece from Xom's  |       |       |       |     1 ||     1
  Use: Scroll            |       |       |    12 |    14 ||    26
       Potion            |       |       |       |    13 ||    13
 Stab: Sleeping          |     3 |       |     7 |     1 ||    11
       Confused          |       |       |       |    14 ||    14
       Distracted        |       |       |       |     2 ||     2
       Invisible         |       |       |       |     1 ||     1
Armor: Ring mail         |    10 |       |       |       ||    10
       Leather armour    |     2 |    15 |       |       ||    17
       Skin              |     2 |       |       |    15 ||    17
       Robe              |       |    15 |   177 |   404 ||   596
Dodge: Dodged            |    22 |    55 |   168 |   213 ||   458
Block: Kite shield       |       |       |       |   310 ||   310
